 Dungeon Crawl Stone Soup version 0.27-a0-1434-g6f15984924 (webtiles) character file.

Game seed: 959732361167278233

77 Brandom the Insei (level 4, -2/30 HPs)
             Began as an Octopode Transmuter on July 2, 2021.
             Slain by Natasha (8 damage)
             ... on level 2 of the Dungeon.
             The game lasted 00:05:25 (2434 turns).

Brandom the Insei (Octopode Transmuter)             Turns: 2434, Time: 00:05:26

Health: -2/30      AC:  1    Str:  9    XL:     4   Next: 33%
Magic:  1/7        EV: 13    Int: 16    God:
Gold:   130        SH:  0    Dex: 12    Spells: 3/7 levels left

rFire    . . .     SeeInvis .     - Unarmed
rCold    . . .     Faith    .   (no shield)
rNeg     . . .     Spirit   .   (helmet restricted)
rPois    .         Reflect  .   (no amulet)
rElec    .         Harm     .   (no ring)
rCorr    .         Rampage  .   (no ring)
Will     .....                  (no ring)
Stlth    ++........             (no ring)
HPRegen  0.10/turn              (no ring)
MPRegen  0.10/turn              (no ring)
                                (no ring)
                                (no ring)

@: freezing walls, very slightly contaminated
A: almost no armour, amphibious, 8 rings, camouflage 1, gelatinous body 1,
(nimble swimmer 1), tentacles
a: no special abilities


You were on level 2 of the Dungeon.
You visited 1 branch of the dungeon, and saw 3 of its levels.

You collected 130 gold pieces.

Inventory:

Missiles
 b - 6 datura-tipped darts
Scrolls
 c - a scroll of fear {unknown}
 d - a scroll of noise {!r}
 f - a scroll of fog {unknown}
Potions
 a - a potion of lignification {unknown}
 e - a potion of mutation {unknown}
 g - a potion of invisibility {unknown}


   Skills:
 * Level 2.3 Fighting
 + Level 2.5 Dodging
 + Level 3.3 Unarmed Combat
 + Level 2.4 Spellcasting
 + Level 2.4 Transmutations
 + Level 0.5 Ice Magic


You had 3 spell levels left.
You knew the following spells:

 Your Spells              Type           Power      Damage    Failure   Level
a - Beastly Appendage     Tmut           18%        N/A       7%          1
b - Frozen Ramparts       Ice            6%         1d2       43%         3

Your spell library contained the following spells:

 Spells                   Type           Power      Damage    Failure   Level
 Wereblood                Tmut           9%         N/A       11%         2
 Freeze                   Ice            12%        1d4       16%         1
 Spider Form              Tmut/Pois      2%         N/A       34%         3
 Ice Form                 Ice/Tmut       6%         N/A       71%         4
 Hailstorm                Conj/Ice       2%         3d3       87%         4


Dungeon Overview and Level Annotations

Branches:
Dungeon (3/15)

Altars:
Nemelex Xobeh

Annotations:
D:2 Natasha


Innate Abilities, Weirdness & Mutations

You cannot wear most types of armour.
You are amphibious.
You can wear up to eight rings at the same time.
Your skin changes colour to match your surroundings (Stealth+).
Your rubbery body absorbs attacks. (AC +1, EV +1)
((You are camouflaged near water. (Stealth+)))
You have tentacles for arms and can constrict up to eight enemies at once.


Message History

You constrict the adder.
You feel sick. The adder bites you.
You are more poisoned.
The adder poisons you!
You tentacle-slap the adder. You constrict the adder.
You feel sick. The adder bites you.
You tentacle-slap the adder.
You kill the adder!
You feel sick.
No target in view!
You start resting.
You feel sick. x6
You are no longer poisoned.
You start resting.
A giant cockroach comes into view.
The giant cockroach barely misses you.
You are too injured to fight recklessly!
You are too injured to fight recklessly!
You tentacle-slap the giant cockroach but do no damage.
Your grab misses the giant cockroach. You squeeze the giant cockroach.
The giant cockroach bites you.
* * * LOW HITPOINT WARNING * * *
You tentacle-slap the giant cockroach. You grab the giant cockroach.
You constrict the giant cockroach.
You kill the giant cockroach!
You start resting.
An endoplasm comes into view.
A dart slug comes into view.
The dart slug launches a dart at you. The slug dart misses you.
You climb upwards.
There is a stone staircase leading down here.
You start resting.
Natasha, Servant of Life and Death comes into view.
Natasha hisses angrily.
Natasha mumbles some strange words.
Natasha howls an incantation.
You feel troubled.
Natasha wildly gestures.
You feel troubled. Natasha completely misses you.
The spell is extremely dangerous to cast (43% risk of failure)!
Continue anyway?
You miscast Frozen Ramparts.
You are very lightly contaminated with residual magic.
Nothing appears to happen.
Natasha hisses.
Natasha claws you!
* * * LOW HITPOINT WARNING * * *
The spell is extremely dangerous to cast (43% risk of failure)!
Continue anyway?
The walls around you are covered in ice.
The wall freezes Natasha.
Natasha claws you!
You die...

......#####.#.###.### #.#
......# #..## #.# #.#
......#####.## #.# #.#
............### #.## #.#
......#######.###..# #.#
...>..# ##.#.###.# #.#
......# ##.....##.# #.#
###.### #.#.#.#h#.# #.# #.#
##.....@#.# ##.## #.#
#####.#.#.#.#####...### #.#
#........#............#
##.####h####.##>#..####...#>#
#............####..# ###.#.#
##..####.###..####..# #.#[#
....# #.##.........# #.#.#
##.## #.##.#.#####.# #.#.#
#.# #.##...# #.# #...#


You could see Natasha.

Vanquished Creatures
  Natasha (D:2)
  An adder (D:3)
  A worm (D:2)
  An orc (D:3)
  4 endoplasms
  A giant cockroach (D:3)
  3 hobgoblins
  2 jackals (D:2)
  3 kobolds
  A quokka (D:1)
  5 ball pythons
  2 bats (D:2)
  2 frilled lizards (D:2)
  7 goblins
  2 rats (D:2)
36 creatures vanquished.

Notes
Turn   | Place    | Note
-------+----------+-------------------------------------------
     0 | D:1      | Brandom the Octopode Transmuter began the quest for the
                  | Orb.
     0 | D:1      | Reached XP level 1. HP: 13/13 MP: 3/3
   394 | D:1      | Reached XP level 2. HP: 10/18 MP: 5/5
  1147 | D:2      | Found a sparkling altar of Nemelex Xobeh.
  1558 | D:2      | Reached XP level 3. HP: 11/24 MP: 4/6
  1752 | D:2      | Learned a level 3 spell: Frozen Ramparts
  2065 | D:2      | Noticed Natasha
  2071 | D:2      | Killed Natasha
  2072 | D:2      | Reached XP level 4. HP: 17/29 MP: 5/7
  2408 | D:2      | Noticed Natasha
  2434 | D:2      | Slain by Natasha

Illustrated notes

Levels and vault maps discovered:
D:1:      dpeg_arrival_fog, layout_loops_ring, minmay_misc_feat_roman
D:2:      minmay_angry_zag, layout_loops_ring, basic_altar, uniq_natasha
D:3:      minmay_diamond_boxcup, layout_loops_ring, lemuel_crystal_altar,
          nicolae_overflow_hidden_temple

Skill      XL: |  1  2  3 |
---------------+----------+-----
Fighting       | 2 |  2.3
Dodging        | |  2.5
Unarmed Combat | |  3.3
Spellcasting   | |  2.4
Transmutations | |  2.4
Ice Magic      | |  0.5

Action                   |  1- 3 |  4- 6 || total
-------------------------+-------+-------++-------
Melee: Unarmed           |    77 |    18 ||    95
       Constrict         |    17 |     4 ||    21
       Tentacles         |    12 |     4 ||    16
       Kick              |     5 |     1 ||     6
 Cast: Beastly Appendage |     3 |       ||     3
       Frozen Ramparts   |       |     1 ||     1
  Use: Scroll            |       |     1 ||     1
 Stab: Sleeping          |     9 |       ||     9
Armor: Skin              |     6 |       ||     6
Dodge: Dodged            |    33 |     8 ||    41

Table legend: (Time is in decaauts)
 A = Elapsed time spent in this place.
 B = Non-inter-level travel time spent in this place.
 C = Inter-level travel time spent in this place.
 D = Time resting spent in this place.
 E = Time spent auto-exploring this place.
 F = Levels seen in this place.
 G = Mean time per level.
                   A        B        C        D        E       F      G
               +--------+--------+--------+--------+--------+-----+--------+
         Total |   2428 |   2343 |     85 |    637 |   1395 |   3 |  809.3 |
       Dungeon |   2428 |   2343 |     85 |    637 |   1395 |   3 |  809.3 |
               +--------+--------+--------+--------+--------+-----+--------+

Top non-repeatable levels by time:
     D:2: 1237 daAuts
     D:1: 1144 daAuts
     D:3: 46 daAuts
